 Dungeon Crawl Stone Soup version 0.28-a0-1213-g0243856f03 (webtiles) character file.

Game seed: 5824520724517896789

56 sanka the Cudgeller (level 3, -4/31 HPs)
             Began as a Palentonga Abyssal Knight on Dec 21, 2021.
             Was a Believer of Lugonu.
             Killed by divine providence
             ... invoked by an orc priest
              (13 damage)
             ... on level 3 of the Dungeon.
             The game lasted 00:02:40 (2774 turns).

sanka the Cudgeller (Palentonga Abyssal Knight)     Turns: 2774, Time: 00:02:41

Health: -4/31      AC:  4    Str: 18    XL:     3   Next: 71%
Magic:  4/4        EV:  9    Int: 10    God:    Lugonu [**....]
Gold:   94         SH:  0    Dex: 10    Spells: 2/2 levels left

rFire   . . .      SeeInvis +   a - +1 mace
rCold   . . .      Faith    .   (no shield)
rNeg    . . .      Spirit   .   b - +0 leather armour
rPois   .          Reflect  .   (no helmet)
rElec   .          Harm     .   (no cloak)
rCorr   .          Rampage  .   (no gloves)
Will    .....                   (no barding)
Stlth   +.........              f - amulet of magic regeneration
HPRegen 0.10/turn               (no ring)
MPRegen 0.49/turn               (no ring)

@: no status effects
A: large, rugged brown scales 3, see invisible, deformed body, roll 1, armoured
tail
a: Rolling Charge, Renounce Religion, Depart the Abyss, Bend Space


You were on level 3 of the Dungeon.
You worshipped Lugonu.
Lugonu was pleased with you.
You visited 1 branch of the dungeon, and saw 3 of its levels.
You visited the Abyss 1 time.

You collected 94 gold pieces.


Innate Abilities, Weirdness & Mutations

You are completely covered in rugged brown scales. (AC +3, +7% HP)
You have supernaturally acute eyesight. (SInv)
Armour fits poorly on your strangely shaped body.
You can roll at nearby foes to attack.
You have a long armoured tail.


   Skills:
 - Level 3.0 Fighting
 + Level 3.5 Maces & Flails
 - Level 1.5 Armour
 - Level 0.7 Dodging
 + Level 1.4 Shields
 - Level 2.0 Invocations


You had 2 spell levels left.
You didn't know any spells.
Your spell library was empty.

Inventory:

Hand Weapons
 a - a +1 mace (weapon)
Missiles
 i - 10 poisoned darts
Armour
 b - a +0 leather armour (worn)
 e - a +0 tower shield
Jewellery
 f - an amulet of magic regeneration (around neck)
Scrolls
 d - 3 scrolls of identify {unknown}
 g - 4 scrolls of fear {unknown}
 j - a scroll of blinking {unknown}
 k - a scroll of vulnerability {unknown}
Potions
 c - a potion of lignification {unknown}
 h - a potion of flight {unknown}
 l - a potion of might {unknown}

Dungeon Overview and Level Annotations

Branches:
Dungeon (3/15)

Altars:

▒▒▒▒▒▒▒ ▒▒ ▒▒▒▒▒
▒...... .[ ...▒
▒.▒▒▒▒▒ ▒.▒▒▒.▒▒▒ ▒.▒▒
▒....o.H▒ ▒..▒
..o....▒▒o▒.▒ ▒▒.▒
.▒▒▒▒▒. ▒.▒.▒▒▒ ▒.▒ ▒.
▒.....▒▒▒▒▒▒▒▒▒.▒ ▒.
▒▒▒≈.........▒..▒
▒▒▒≈....≈.≈..≈....▒▒▒
≈≈≈≈≈≈≈≈≈≈≈..)≈≈≈≈≈≈▒▒
▒▒≈≈≈≈≈≈≈≈≈≈.≈≈≈≈≈≈≈≈▒
▒▒.≈....≈........▒▒≈▒


You could see an orc priest and an orc wizard.


Message History

You closely miss the orc priest.
The orc priest is lightly wounded.
The orc priest hits you but does no damage.
An orc wizard comes into view. It is wielding a +0 dagger.
The orc priest hits you with a +0 short sword.
You barely miss the orc priest.
Your tail-slap misses the orc priest.
The orc priest is lightly wounded.
The orc priest hits you with a +0 short sword.
You hit the orc priest.
The orc priest is moderately wounded.
The orc priest hits you but does no damage.
You barely miss the orc priest.
Your tail-slap misses the orc priest.
The orc priest is moderately wounded.
The orc priest hits you with a +0 short sword.
You sock the orc priest!
The orc priest is severely wounded.
The orc priest hits you but does no damage.
The orc wizard hits you with a +0 dagger.
The orc priest barely misses you.
You hit the orc priest.
The orc priest is almost dead.
The orc priest hits you with a +0 short sword.
* * * LOW HITPOINT WARNING * * *
The orc wizard hits you with a +0 dagger.
* * * LOW HITPOINT WARNING * * *
The orc priest invokes the aid of Beogh against you.
Beogh smites you!
You die...

Action                   || total
-------------------------++-------
Melee: Mace              ||   113
       Tailslap          ||     9
 Abil: Rolling Charge    ||     5
Armor: Leather armour    ||    24
Dodge: Dodged            ||    53

Levels and vault maps discovered:
D:1:      lightli_molten_gateway, layout_rooms
D:2:      layout_basic
D:3:      minmay_spotlight, layout_loops_corners, minmay_crystal_water,
          chequers_serial_rivers_small_3, uniq_ijyb

Notes
Turn   | Place    | Note
-------+----------+-------------------------------------------
     0 | Abyss:1  | sanka the Palentonga Abyssal Knight began the quest for the
                  | Orb.
     0 | Abyss:1  | Reached XP level 1. HP: 19/19 MP: 2/2
     1 | Abyss:1  | Found a corrupted altar of Lugonu.
    15 | D:1      | Escaped the Abyss
   398 | D:1      | Reached XP level 2. HP: 25/25 MP: 3/3
   848 | D:1      | Reached skill level 3 in Maces & Flails
  1367 | D:2      | Reached ** piety under Lugonu
  1577 | D:2      | Reached skill level 1 in Shields
  1577 | D:2      | Reached XP level 3. HP: 31/31 MP: 4/4
  2774 | D:3      | Killed from afar by an orc priest

Vanquished Creatures
  2 worms
  A dart slug (D:2)
  An orc (D:3)
  6 endoplasms
  3 goblins
  8 hobgoblins
  8 jackals
  A quokka (D:2)
  3 ball pythons
  A bat (D:2)
  A frilled lizard (D:1)
  3 kobolds (D:1)
  2 rats
40 creatures vanquished.
